 Dungeon Crawl Stone Soup version 0.28.0-47-ge53b351184 (webtiles) character file.

Game seed: 4770373852481775530

7 styxcanada the Sneak (level 1, -2/11 HPs)
             Began as a Spriggan Brigand on May 4, 2022.
             Slain by a gnoll
             ... wielding a +0 spear
              (4 damage)
             ... on level 1 of the Dungeon.
             The game lasted 00:01:01 (494 turns).

styxcanada the Sneak (Spriggan Brigand)              Turns: 494, Time: 00:01:02

Health: -2/11      AC:  3    Str:  7    XL:     1   Next: 83%
Magic:  2/2        EV: 16    Int: 12    God:
Gold:   8          SH:  0    Dex: 16    Spells: 0/0 levels left

rFire   . . .      SeeInvis +   a - +2 dagger
rCold   . . .      Faith    .   (no shield)
rNeg    . . .      Spirit   .   b - +0 robe
rPois   .          Reflect  .   (helmet restricted)
rElec   .          Harm     .   c - +0 cloak
rCorr   .          Rampage  .   (gloves unavailable)
Will    .....                   (boots unavailable)
Stlth   +++.......              (no amulet)
HPRegen 0.03/turn               (no ring)
MPRegen 0.08/turn               (no ring)

@: very quick
A: very small, no large weapons, unfitting armour, see invisible, speed 3
a: no special abilities


You were on level 1 of the Dungeon.
You visited 1 branch of the dungeon, and saw 1 of its levels.

You collected 8 gold pieces.

Inventory:

Hand Weapons
 a - a +2 dagger (weapon)
Missiles
 d - 7 poisoned darts (quivered)
 e - 2 curare-tipped darts
 j - 16 stones
Armour
 b - a +0 robe (worn)
 c - a +0 cloak (worn)
Scrolls
 h - a scroll of teleportation {unknown}
 i - a scroll of fog {unknown}
Potions
 f - a potion of curing {unknown}
 g - a potion of mutation {unknown}


   Skills:
 * Level 1.7 Fighting
 + Level 2.1 Short Blades
 + Level 2.0 Throwing
 * Level 1.3 Dodging
 * Level 6.4 Stealth


You couldn't memorise any spells.
You didn't know any spells.
Your spell library was empty.

Dungeon Overview and Level Annotations

Branches:
Dungeon (1/15)

Altars:


Innate Abilities, Weirdness & Mutations

You are very small and have problems with some larger weapons.
You are too small for most types of armour.
You have supernaturally acute eyesight. (SInv)
You cover ground extremely quickly. (Speed+++)


Message History

* * * LOW HITPOINT WARNING * * *
You barely miss the kobold.
The kobold is severely wounded.
The kobold barely misses you.
Throw: 6 darts (poison)
Press: ? - help, Q - select action, (/) - cycle Shift-Dir - straight line, f - kobold
Aim: a kobold, wielding a +0 club (heavily wounded, 53% to hit)
You throw a poisoned dart. The poisoned dart hits the kobold.
The kobold is heavily wounded.
Throw: 5 darts (poison)
Press: ? - help, Q - select action, (/) - cycle Shift-Dir - straight line, f/p - kobold
Aim: a kobold, wielding a +0 club (heavily wounded, 53% to hit)
You throw a poisoned dart. The poisoned dart hits the kobold.
The kobold is poisoned.
The kobold is heavily wounded.
You kill the kobold!
You start resting.
HP restored.
You see here a +0 club.
d - 5 poisoned darts (gained 1)
d - 6 poisoned darts (gained 1)
You see here a jackal skeleton.
d - 7 poisoned darts (gained 1)
Found 8 gold pieces.
There is a stone staircase leading down here.
You now have 8 gold pieces.
Things that are here:
a +0 club; a goblin skeleton A gnoll comes into view.
It is wielding a +0 spear.
A rat comes into view.
The gnoll shouts!
The gnoll hits you from afar with a +0 spear!
Ouch! That really hurt!
* * * LOW HITPOINT WARNING * * *
Found a stone staircase leading down.
You hit the gnoll but do no damage. The gnoll hits you with a +0 spear.
* * * LOW HITPOINT WARNING * * *
Unknown command.
The gnoll hits you from afar with a +0 spear.
You die...

.#..> .....####
.............#
.......#..##.#
....##.#..##.#
#r#.##.#..##.#
#.#.##.#..##.# #
#g#.##.#..##.######
.#.#.#.#.##.#..##.##....
........@..........##.###
......#..........)###.#
..##.....#####.....รท..#
##!#..# ##...##### ###..#
#...# #..######.>.#
#...........#
##.#######..#
#..........#


You could see a gnoll and a rat.

Vanquished Creatures
  A goblin (D:1)
  2 jackals (D:1)
  A kobold (D:1)
  A frilled lizard (D:1)
  A rat (D:1)
6 creatures vanquished.

Notes
Turn   | Place    | Note
-------+----------+-------------------------------------------
     0 | D:1      | styxcanada the Spriggan Brigand began the quest for the
                  | Orb.
     0 | D:1      | Reached XP level 1. HP: 10/10 MP: 2/2
    67 | D:1      | Reached skill level 6 in Stealth
   494 | D:1      | Slain by a gnoll

Illustrated notes

Levels and vault maps discovered:
D:1:      lemuel_arrival_funnel, layout_loops_ring,
          hellmonk_ecumenical_altar_run_dry, chequers_serial_rivers_micro_d

Skill      XL: |  1 |
---------------+----+-----
Stealth        | 6 |  6.4
Fighting       | |  1.7
Short Blades   | |  2.1
Throwing       | |  2.0
Dodging        | |  1.3

Action                   || total
-------------------------++-------
Melee: Dagger            ||    12
Throw: Dart              ||     4
 Stab: Sleeping          ||     3
Armor: Robe              ||     3
Dodge: Dodged            ||     3
